 Dungeon Crawl Stone Soup version 0.21-a0-437-ge5bf024 (webtiles) character file.

282 kae the Chopper (level 6, -6/55 HPs)
             Began as a Hill Orc Fighter on Nov 9, 2017.
             Mangled by Barriton's ghost (12 damage)
             ... on level 3 of the Dungeon.
             The game lasted 00:03:07 (3548 turns).

kae the Chopper (Hill Orc Fighter)                  Turns: 3548, Time: 00:03:07

Health: -6/55      AC:  7    Str: 21    XL:     6   Next: 28%
Magic:  6/6        EV: 10    Int:  8    God:
Gold:   98         SH:  0    Dex: 10    Spells: 5/5 levels left

rFire    + . .     SeeInvis .   a - +1 war axe
rCold    x . .     Gourm    .   (no shield)
rNeg     . . .     Faith    .   b - +0 scale mail
rPois    .         Spirit   .   (no helmet)
rElec    .         Reflect  .   (no cloak)
rCorr    .         Harm     .   (no gloves)
MR       .....                  (no boots)
Stlth    ..........             (no amulet)
HPRegen  0.18/turn              n - ring of fire
MPRegen  0.10/turn              (no ring)

@: no status effects
A: no striking features
a: no special abilities


You were on level 3 of the Dungeon.
You were hungry.

You visited 1 branch of the dungeon, and saw 4 of its levels.

You collected 98 gold pieces.

Inventory:

Hand Weapons
 a - a +1 war axe (weapon)
Armour
 b - a +0 scale mail (worn)
 c - a +0 shield
Jewellery
 n - a ring of fire (left hand)
Wands
 l - a wand of flame (18/48)
Scrolls
 e - 4 scrolls of identify
 h - a scroll of amnesia
 i - 3 scrolls of remove curse
 r - 2 scrolls of fog
Potions
 d - 2 potions of might
 g - a potion of haste {unknown}
 j - 3 potions of flight
 m - 2 potions of curing
 o - a potion of berserk rage
Books
 s - a book of Cantrips

   Spells                             Type                      Level
   a - Confusing Touch                Hexes                        1
   b - Animate Skeleton               Necromancy                   1
   c - Summon Small Mammal            Summoning                    1
   d - Apportation                    Translocation                1
Comestibles
 f - 3 bread rations
 k - 2 royal jellies
 p - a fruit


   Skills:
 + Level 4.8 Fighting
 * Level 5.3 Axes
 * Level 4.9 Armour
 + Level 1.8 Dodging
 - Level 3.2 Shields


You had 5 spell levels left.
You didn't know any spells.

Dungeon Overview and Level Annotations

Branches:
Dungeon (4/15)
 Temple: D:4-7

Altars:

Annotations:
D:3 Barriton's ghost, amateur MiGl


Message History

The ogre hits you with a giant club!
* * * LOW HITPOINT WARNING * * *
Evoke which item? (* to show all) (? for menu, Esc to quit)
Aiming: Throw Flame (will waste charges)
Press: ? - help, Shift-Dir - straight line, f/p - ogre
Aim: an ogre, wielding a giant club (almost dead)
The puff of flame hits the ogre.
You kill the ogre!
Your Axes skill increases to level 5!
You have reached level 6!
Your experience leads to an increase in your attributes!
Increase (S)trength, (I)ntelligence, or (D)exterity?
You feel stronger.
Evoking this partially-identified wand wasted a few charges.
The orc sings a few bars from the Orcish anthem.
There is a stone staircase leading up here.
You climb upwards.
Level annotation: Barriton's ghost, amateur MiGl Barriton's ghost hits you!
You die...

#.................###.#
#.................##...
#.................##..#
#.......##........##...
#.......##........##...
#####..###......<......
#..# #........##...
#..# #........##...
#W@# #######.###..#
##.###.#####.# #...
#...........###.[#
#.###.#####.##.((. #.#
#)# ##.##..## #.# #.#
#........
#.###.####..##....
#..............[..
#.###.####.####.##


You could see Barriton's ghost.

Vanquished Creatures
  An ogre (D:4)
  A hound (D:2)
  Ijyb (D:3)
  3 adders (D:3)
  An ooze (D:2)
  5 worms
  3 dart slugs
  2 leopard geckos
  An orc (D:3)
  3 ball pythons
  4 giant cockroaches
  10 goblins
  8 hobgoblins
  8 jackals
  9 kobolds
  A quokka (D:3)
  13 bats
  5 frilled lizards
  7 rats
  A plant (D:2)
87 creatures vanquished.

Vanquished Creatures (others)
  A plant (D:2)
1 creature vanquished.

Grand Total: 88 creatures vanquished

Notes
Turn   | Place    | Note
-------+----------+-------------------------------------------
     0 | D:1      | kae the Hill Orc Fighter began the quest for the Orb.
     0 | D:1      | Reached XP level 1. HP: 19/19 MP: 1/1
    70 | D:1      | Reached skill level 3 in Axes
   103 | D:1      | Reached XP level 2. HP: 21/27 MP: 2/2
   459 | D:1      | Reached XP level 3. HP: 30/33 MP: 3/3
  1239 | D:2      | Reached XP level 4. HP: 24/40 MP: 4/4
  1360 | D:2      | Reached skill level 1 in Dodging
  1699 | D:2      | Reached skill level 4 in Axes
  1906 | D:2      | Reached XP level 5. HP: 30/47 MP: 5/5
  2314 | D:3      | Noticed Barriton's ghost (amateur MiGl)
  2499 | D:3      | Noticed Ijyb
  2508 | D:3      | Killed Ijyb
  3521 | D:4      | Noticed a phantom
  3522 | D:4      | Noticed an ogre
  3543 | D:4      | Killed an ogre
  3543 | D:4      | Reached skill level 5 in Axes
  3543 | D:4      | Reached XP level 6. HP: 5/55 MP: 6/6
  3548 | D:3      | Mangled by Barriton's ghost

Vault maps used:
D:1:      minmay_arrival_arboretum_small
D:2:      first_bread, serial_bayou_lagoon_a, minmay_pentomino_t4
D:3:      uniq_crazy_yiuf_cottage, uniq_ijyb

Skill      XL: |  1  2  3  4  5 |
---------------+----------------+-----
Axes           | 3 4 5 |  5.3
Fighting       | 4 |  4.8
Armour         | 4 |  4.9
Dodging        | 1 |  1.8
Shields        | |  3.2

Action                   |  1- 3 |  4- 6 || total
-------------------------+-------+-------++-------
Melee: War axe           |   121 |   173 ||   294
Evoke: Wand              |       |     3 ||     3
  Use: Scroll            |       |    11 ||    11
  Eat: Chunk             |     1 |     7 ||     8
Armor: Scale mail        |    75 |    77 ||   152
Dodge: Dodged            |    77 |    87 ||   164

Table legend:
 A = Spawn XP
 B = Non-spawn XP
 C = Spawn XP percentage of total XP
 D = Spawn monster count
 E = Non-spawn monster count
 F = Spawn count percentage of total count
 G = Total turns spent on level
                    A         B        C        D         E        F      G
               +---------+---------+-------+---------+---------+-------+---------
         Total |       0 |     403 |   0.0 |       0 |      86 |   0.0 |  3548
               +---------+---------+-------+---------+---------+-------+---------
           D:1 |       0 |      52 |   0.0 |       0 |      28 |   0.0 |   899
           D:2 |       0 |     117 |   0.0 |       0 |      35 |   0.0 |  1643
           D:3 |       0 |     113 |   0.0 |       0 |      22 |   0.0 |   929
           D:4 |       0 |     121 |   0.0 |       0 |       1 |   0.0 |    77
               +---------+---------+-------+---------+---------+-------+---------
